cohdb
Replays
Latest Replays
All Replays
Popular Replays
Top Player Replays
Match Explorer
How It Works
Community
CoH3 Stats
Reddit
Sign in to upload your games and track your stats! →
Sign in with Steam
Match 43364899
Unlisted
Match 43364899
Overview
Messages
Build Orders
End
Construct Barracks
Scout Squad
Selects Heavy Weapons
Riflemen Squad
Engineer Squad
Construct Weapon Support Center
Bazooka Squad
Infantry Support Center
Riflemen Squad
Construct Medical Station
Selects Assault Carriers
M1918 Browning Automatic Rifles
Selects Exchangeable Parts
Bazooka Squad
Construct Motor Pool
M1 Anti-tank Gun Team
M24 Chaffee Light Tank
M1919 Machine Gun Team
Advanced Logistics
Improved M9 Bazooka Rockets
Grenade Package
Riflemen Squad
Riflemen Squad
M1 Anti-tank Gun Team
Riflemen Squad
Selects M26 Pershing Heavy Tank
Selects M2HB .50cal Heavy Machine Gun
M26 Pershing Heavy Tank
Engineer Squad
Selects Rapid Reposition
M24 Chaffee Light Tank
M24 Chaffee Light Tank
只愛❤毛妹
PE--nagisa
0
0
Comments
sign in to comment!
No comments posted yet!